 Dungeon Crawl Stone Soup version 0.30-a0-297-g0ec75d9ef4 (webtiles) character file.

Game seed: 14055106524930965295

100 NinjaNoafa the Covert (level 4, -4/41 HPs)
             Began as a Gnoll Delver on Oct 19, 2022.
             Slain by a scorpion (7 damage)
             ... on level 5 of the Dungeon.
             The game lasted 00:00:47 (62 turns).

NinjaNoafa the Covert (Gnoll Delver)                  Turns: 62, Time: 00:00:48

Health: -4/41      AC:  3    Str: 11    XL:     4   Next: 74%
Magic:  4/5        EV: 13    Int: 10    God:
Gold:   0          SH:  0    Dex: 15    Spells: 5/5 levels left

rFire   . . .      SeeInvis .    a - +0 short sword
rCold   . . .      Faith    .    (no shield)
rNeg    . . .      Spirit   .    b - +0 leather armour
rPois   .          Reflect  .    (no helmet)
rElec   .          Harm     .    (no cloak)
rCorr   .          Rampage  .    (no gloves)
Will    .....                    (no boots)
Stlth   ++........               (no amulet)
HPRegen 0.26/turn                (no ring)
MPRegen 0.09/turn                (no ring)

@: confused, lethally poisoned (-4 -> -6), hasted, very quick
A: fangs 1, strong nose, distributed training
a: no special abilities


You were on level 5 of the Dungeon.
You visited 1 branch of the dungeon, and saw 1 of its levels.

Inventory:

Hand Weapons
 a - a +0 short sword (weapon)
Armour
 b - a +0 leather armour (worn)
Wands
 g - a wand of digging (3)
Scrolls
 c - a scroll of fog
 d - a scroll of magic mapping
 e - a scroll of fear


   Skills:
 + Level 6.6 Fighting
 + Level 4.7 Short Blades
 + Level 1.2 Long Blades
 + Level 1.2 Axes
 + Level 1.2 Maces & Flails
 + Level 1.2 Polearms
 + Level 1.2 Staves
 + Level 1.2 Ranged Weapons
 + Level 1.2 Throwing
 + Level 1.2 Armour
 + Level 4.7 Dodging
 + Level 9.6 Stealth
 + Level 1.2 Shields
 + Level 1.2 Unarmed Combat
 + Level 1.2 Spellcasting
 + Level 1.0 Conjurations
 + Level 1.0 Hexes
 + Level 1.0 Summonings
 + Level 1.0 Necromancy
 + Level 1.0 Translocations
 + Level 1.0 Transmutations
 + Level 1.0 Fire Magic
 + Level 1.0 Ice Magic
 + Level 1.0 Air Magic
 + Level 1.0 Earth Magic
 + Level 1.0 Poison Magic
 + Level 1.4 Invocations
 + Level 1.2 Evocations


You had 5 spell levels left.
You didn't know any spells.
Your spell library was empty.

Dungeon Overview and Level Annotations

Branches:
Dungeon (5/15)
 Temple: D:4-7

Altars:


Innate Abilities, Weirdness & Mutations

You have very sharp teeth.
Your uncanny sense of smell can sniff out nearby items.
Your experience applies equally to all skills.


Message History

You hear some strange, mumbled words.
You are more confused.
You bump into the rock wall.
You bump into the rock wall.
Something hits you.
You bump into the rock wall.
The scorpion closely misses you. Something hits you.
You bump into the rock wall.
The scorpion stings you!
You are poisoned.
The scorpion poisons you!
You miss the scorpion. Your punch misses the scorpion.
You bite the scorpion, but do no damage.
You feel sick. Something hits you. The scorpion misses you.
You are too confused!
You hit the scorpion.
The scorpion is lightly wounded.
You feel sick.
You bump into the rock wall.
You feel sick. The scorpion closely misses you.
You hear some strange, mumbled words.
A puff of flame appears from out of thin air!
The puff of flame hits you.
* * * LOW HITPOINT WARNING * * *
You hit something but do no damage.
You feel sick.
Unknown command.
You are too confused!
You bump into the rock wall.
You feel sick. The scorpion barely misses you.
Something hits you but does no damage.
You bump into the rock wall.
You feel sick.
The scorpion stings you but does no damage.
You hear some strange, mumbled words.
You are more confused.
You miss the scorpion.
You feel sick. The scorpion barely misses you.
You are too confused!
You closely miss something. Something hits you.
* * * LOW HITPOINT WARNING * * *
You bump into the rock wall.
You feel sick. The scorpion stings you.
* * * LOW HITPOINT WARNING * * *
You bump into the rock wall.
You feel sick. Something hits you.
* * * LOW HITPOINT WARNING * * *
The scorpion stings you!
You die...

##..................#
#...........?........
#........†##.#.......
###........###.....>#
#.......#..# #...####
##......#......o..#
###....#....###..#
##s.......# ....
#@{o.............
###..#.....o. ∆
#.##........
##?........ ..


You could see a scorpion and an orc wizard.

Vanquished Creatures
  A scorpion (D:5)
  A howler monkey (D:5)
2 creatures vanquished.

Notes
Turn   | Place    | Note
-------+----------+-------------------------------------------
     0 | D:5      | Reached skill level 9 in Stealth
     0 | D:5      | NinjaNoafa the Gnoll Delver began the quest for the Orb.
     0 | D:5      | Reached XP level 1. HP: 23/23 MP: 1/1
     1 | D:5      | Noticed a howler monkey
     2 | D:5      | Noticed a scorpion
     9 | D:5      | Killed a scorpion
    10 | D:5      | Reached skill level 1 in Long Blades
    10 | D:5      | Reached skill level 1 in Axes
    10 | D:5      | Reached skill level 1 in Maces & Flails
    10 | D:5      | Reached skill level 1 in Polearms
    10 | D:5      | Reached skill level 1 in Staves
    10 | D:5      | Reached skill level 1 in Ranged Weapons
    10 | D:5      | Reached skill level 1 in Throwing
    10 | D:5      | Reached skill level 1 in Armour
    10 | D:5      | Reached skill level 1 in Shields
    10 | D:5      | Reached skill level 1 in Unarmed Combat
    10 | D:5      | Reached skill level 1 in Spellcasting
    10 | D:5      | Reached skill level 1 in Invocations
    10 | D:5      | Reached skill level 1 in Evocations
    10 | D:5      | Reached XP level 2. HP: 29/29 MP: 1/3
    10 | D:5      | Reached XP level 3. HP: 35/35 MP: 1/4
    10 | D:5      | Reached XP level 4. HP: 41/41 MP: 1/5
    31 | D:5      | Reached skill level 1 in Conjurations
    31 | D:5      | Reached skill level 1 in Hexes
    31 | D:5      | Reached skill level 1 in Summonings
    31 | D:5      | Reached skill level 1 in Necromancy
    31 | D:5      | Reached skill level 1 in Translocations
    31 | D:5      | Reached skill level 1 in Transmutations
    31 | D:5      | Reached skill level 1 in Fire Magic
    31 | D:5      | Reached skill level 1 in Ice Magic
    31 | D:5      | Reached skill level 1 in Air Magic
    31 | D:5      | Reached skill level 1 in Earth Magic
    31 | D:5      | Reached skill level 1 in Poison Magic
    31 | D:5      | Noticed a scorpion
    62 | D:5      | Slain by a scorpion

Illustrated notes

Levels and vault maps discovered:
D:5:      layout_cave_pools

Skill      XL: |  1  2  3  4 |
---------------+-------------+-----
Stealth        | |  9.6
Long Blades    | 1 |  1.2
Axes           | 1 |  1.2
Maces & Flails | 1 |  1.2
Polearms       | 1 |  1.2
Staves         | 1 |  1.2
Ranged Weapons | 1 |  1.2
Throwing       | 1 |  1.2
Armour         | 1 |  1.2
Shields        | 1 |  1.2
Unarmed Combat | 1 |  1.2
Spellcasting   | 1 |  1.2
Invocations    | 1 |  1.4
Evocations     | 1 |  1.2
Conjurations   | 1 |  1.0
Hexes          | 1 |  1.0
Summonings     | 1 |  1.0
Necromancy     | 1 |  1.0
Translocations | 1 |  1.0
Transmutations | 1 |  1.0
Fire Magic     | 1 |  1.0
Ice Magic      | 1 |  1.0
Air Magic      | 1 |  1.0
Earth Magic    | 1 |  1.0
Poison Magic   | 1 |  1.0
Fighting       | |  6.6
Short Blades   | |  4.7
Dodging        | |  4.7

Action                   |  1- 3 |  4- 6 || total
-------------------------+-------+-------++-------
Melee: Short sword       |     1 |    25 ||    26
       Bite              |       |     3 ||     3
  Use: Potion            |       |     1 ||     1
 Stab: Sleeping          |     1 |       ||     1
Armor: Leather armour    |       |     5 ||     5
Dodge: Dodged            |       |    15 ||    15

Table legend: (Time is in decaauts)
 A = Elapsed time spent in this place.
 B = Non-inter-level travel time spent in this place.
 C = Inter-level travel time spent in this place.
 D = Time resting spent in this place.
 E = Time spent auto-exploring this place.
 F = Levels seen in this place.
 G = Mean time per level.
                   A        B        C        D        E       F      G
               +--------+--------+--------+--------+--------+-----+--------+
         Total |     50 |     50 |      0 |      0 |      1 |   1 |   50.0 |
       Dungeon |     50 |     50 |      0 |      0 |      1 |   1 |   50.0 |
               +--------+--------+--------+--------+--------+-----+--------+

Top non-repeatable levels by time:
     D:5: 50 daAuts
